Wolfpack vs Moose
Created - March 17, 2023 at 19:04
Goals
|
| Wolfpack |
0 |
0 |
2 |
2 |
| Moose |
0 |
2 |
2 |
4 |
|
Shots
|
| Wolfpack |
8 |
8 |
13 |
29 |
| Moose |
8 |
14 |
10 |
32 |
|
1st period
No Goal
Penalties :
Jake Leschyshyn (Man) for Hooking (Minor) at 2:39, Connor Chatam (Har) for Holding (Minor) at 16:30
2nd period
1. Moose , Michael McLeod 24 (Nathan Walker 38, Juuso Valimaki 12) at 7:10
2. Moose , Nikolay Goldobin 14 (Chase De Leo 22, Julien Gauthier 9) at 13:43
Penalties :
Ryan Culkin (Har) for Hooking (Minor) at 0:46, Tomas Jurco (Man) for Diving (Minor) at 3:01, David Pope (Har) for Holding (Minor) at 8:55
3rd period
3. Wolfpack , Jake Marchment 1 (Cale Fleury 3, Alexander Barabanov 7) at 1:29
4. Wolfpack , Connor Chatam 19 (David Pope 49, Seth Griffith 39) at 13:51
5. Moose , Dylan Strome 28 (Ludwig Bystrom 17, Tomas Jurco 18) at 15:02
6. Moose , Nikolay Goldobin 15 (Mathieu Joseph 24, Julien Gauthier 10) at 19:47 (Empty Net)
Penalties :
Steven Santini (Har) for Elbowing (Minor) at 7:43, Linus Sandin (Har) for Holding (Minor) at 10:24, Samuel Blais (Har) for Slashing (Minor) at 16:55
Goalie Stats
Mike Condon (Har), 28 saves from 31 shots - (0.903), L, 12-5-1, 59:26 minutes
Filip Gustavsson (Man), 27 saves from 29 shots - (0.931), W, 14-11-1, 60:00 minutes
Players Stats for Wolfpack
Player Name G A P +/- PIM S H SB GA TA FO MP PP MP PK MP
------------------------------------------------------------------------------------
Alexander Barabanov 0 1 1 1 0 1 0 0 0 0 0/0 6:17 0:00 0:00
Alexander Volkov 0 0 0 -1 0 0 0 0 0 0 0/1 0:52 0:00 0:00
Andrew Peeke 0 0 0 -1 0 0 0 1 0 0 0/0 0:52 0:00 0:00
Cale Fleury 0 1 1 1 0 0 0 0 0 0 0/0 2:48 0:00 0:00
Casey Mittelstadt 0 0 0 0 0 1 0 0 0 0 3/11 12:45 2:07 0:00
Colton White 0 0 0 1 0 1 0 1 0 0 0/0 8:23 0:00 0:00
Connor Chatam 1 0 1 0 2 3 1 0 2 0 0/0 13:41 2:07 0:00
David Pope 0 1 1 -2 2 2 0 1 0 0 2/2 21:51 1:51 5:19
Derrick Pouliot 0 0 0 -1 0 1 0 0 1 1 0/0 19:54 1:31 5:09
Dryden Hunt 0 0 0 -1 0 1 0 1 1 0 0/0 13:59 0:00 2:46
Jacob Middleton 0 0 0 0 0 0 0 0 0 0 0/0 0:47 0:00 0:32
Jake Marchment 1 0 1 1 0 3 0 0 1 0 5/9 6:17 0:00 0:00
Joel Kiviranta 0 0 0 -1 0 0 0 0 0 0 2/2 2:49 0:03 1:41
Joshua Jacobs 0 0 0 1 0 0 1 0 0 0 0/0 2:48 0:00 0:00
Linus Sandin 0 0 0 0 2 0 1 0 0 0 0/1 10:39 0:00 0:00
Mikhail Sergachev 0 0 0 -2 0 3 1 0 1 0 0/0 28:03 2:27 6:45
Nolan Patrick 0 0 0 0 0 0 1 0 2 0 5/5 11:25 0:00 0:55
Owen Tippet 0 0 0 1 0 2 0 0 0 1 0/1 6:17 0:00 0:00
Ryan Culkin 0 0 0 1 2 3 2 0 0 0 0/0 8:23 0:00 0:00
Samuel Blais 0 0 0 0 2 1 1 0 1 0 1/3 16:44 2:04 2:53
Sebastian Collberg 0 0 0 -2 0 2 0 0 0 0 1/1 21:27 1:51 3:43
Seth Griffith 0 1 1 -2 0 1 2 0 1 0 13/36 22:58 1:51 6:31
Steven Santini 0 0 0 -1 2 1 0 3 0 0 0/0 18:27 1:31 3:58
Vince Dunn 0 0 0 -3 0 3 2 3 2 2 0/0 28:52 2:27 6:45
Will Borgen 0 0 0 0 0 0 0 0 0 0 0/0 0:42 0:00 0:39
Players Stats for Moose
Player Name G A P +/- PIM S H SB GA TA FO MP PP MP PK MP
------------------------------------------------------------------------------------
Boris Katchouk 0 0 0 -1 0 2 0 0 0 2 0/1 8:37 0:00 0:00
Chase De Leo 0 1 1 1 0 0 0 1 0 0 3/5 8:33 0:00 0:00
Dylan Strome 1 0 1 0 0 3 2 2 0 1 22/39 21:29 6:36 0:00
Erik Cernak 0 0 0 0 0 0 2 0 0 0 0/0 19:51 4:47 1:39
Jake Leschyshyn 0 0 0 -1 2 1 0 0 0 0 4/7 8:50 0:00 0:10
Julien Gauthier 0 2 2 2 0 0 2 0 0 0 1/3 11:05 0:12 1:07
Juuso Valimaki 0 1 1 0 0 1 0 2 0 0 0/0 11:16 0:00 0:00
Kyle Connor 0 0 0 0 0 3 2 1 0 1 2/4 22:48 6:36 1:02
Ludwig Bystrom 0 1 1 2 0 3 0 1 1 1 0/0 28:53 7:07 2:19
Mathieu Joseph 0 1 1 2 0 0 3 0 0 1 0/0 18:23 5:06 1:50
Matthew Benning 0 0 0 0 0 1 0 0 0 2 0/0 11:16 0:00 0:00
Michael McLeod 1 0 1 1 0 1 0 0 0 0 5/7 17:00 5:06 1:15
Mirco Mueller 0 0 0 2 0 0 1 1 1 1 0/0 28:53 7:07 2:19
Nathan Walker 0 1 1 1 0 2 1 0 0 2 0/1 15:52 5:07 0:00
Nikolay Goldobin 2 0 2 2 0 5 0 0 1 0 2/3 12:01 0:12 1:54
Roman Josi 0 0 0 0 0 4 1 0 1 0 0/0 19:51 4:47 1:39
Tomas Jurco 0 1 1 0 2 5 2 1 0 1 1/1 22:19 6:36 0:38
Vinni Lettieri 0 0 0 -1 0 1 0 0 0 0 0/1 9:03 0:11 0:00
3 Stars
1 - Nikolay Goldobin (Man)
2 - Julien Gauthier (Man)
3 - Mathieu Joseph (Man)
Power Play
Wolfpack - 0 on 2 Attempt(s) - 0.00%
Moose - 0 on 6 Attempt(s) - 0.00%
Penalty Kill
Wolfpack - 6 on 6 Attempt(s) - 100.00%
- Score 0 goal in Penalty Kill
Moose - 2 on 2 Attempt(s) - 100.00%
- Score 0 goal in Penalty Kill
Team Stat
Wolfpack - Hits : 12 - Faceoff Wins : 32 - Blocked Shots : 10 - Penalty Minutes : 12
Moose - Hits : 16 - Faceoff Wins : 40 - Blocked Shots : 9 - Penalty Minutes : 4
Official
Referees : Mitch Dunning and Peter MacDougall
Linesman : Tyson Baker and Derek Amell
Game Notes
Nikolay Goldobin has scored in a empty net!
Finance
Level 1 -- Attendance: 1999 (99.95%) -- Ticket Income $69,965
Level 2 -- Attendance: 952 (95.20%) -- Ticket Income $14,280
Total Attendance: 2951 (98.37%)
Total Ticket Income: $84,245
Other Income: $4,212
Total Income: $88,457
Wolfpack
5 vs 5 Forward
Center Left Wing Right Wing Time % Phy DF OF
1 Seth Griffith David Pope Sebastian Collberg 40 1 2 2
2 Casey Mittelstadt Samuel Blais Connor Chatam 30 1 2 2
3 Nolan Patrick Dryden Hunt Linus Sandin 20 1 2 2
4 Jake Marchment Alexander Barabanov Owen Tippet 10 1 2 2
5 vs 5 Defense
Defense Defense Time % Phy DF OF
1 Mikhail Sergachev Vince Dunn 40 1 2 2
2 Steven Santini Derrick Pouliot 30 1 2 2
3 Ryan Culkin Colton White 20 1 2 2
4 Joshua Jacobs Cale Fleury 10 1 2 2
PowerPlay Forward
Center Left Wing Right Wing Time % Phy DF OF
1 Seth Griffith David Pope Sebastian Collberg 60 1 2 2
2 Casey Mittelstadt Samuel Blais Connor Chatam 40 1 2 2
PowerPlay Defense
Defense Defense Time % Phy DF OF
1 Mikhail Sergachev Vince Dunn 60 1 2 2
2 Steven Santini Derrick Pouliot 40 1 2 2
Penalty Kill 4 Players Forward
Center Wing Time % Phy DF OF
1 Seth Griffith David Pope 60 1 2 2
2 Samuel Blais Sebastian Collberg 40 1 2 2
Penalty Kill 4 Players Defense
Defense Defense Time % Phy DF OF
1 Mikhail Sergachev Vince Dunn 60 1 2 2
2 Steven Santini Derrick Pouliot 40 1 2 2
Penalty Kill - 3 Players Forward
Forward Time % Phy DF OF
1 Seth Griffith 60 1 2 2
2 David Pope 40 1 2 2
Penalty Kill - 3 Players Defense
Defense Defense Time % Phy DF OF
1 Mikhail Sergachev Vince Dunn 60 1 2 2
2 Steven Santini Derrick Pouliot 40 1 2 2
4 vs 4 Forward
Center Wing Time % Phy DF OF
1 Seth Griffith David Pope 60 1 2 2
2 Samuel Blais Sebastian Collberg 40 1 2 2
4 vs 4 Defense
Defense Defense Time % Phy DF OF
1 Mikhail Sergachev Vince Dunn 60 1 2 2
2 Steven Santini Derrick Pouliot 40 1 2 2
Last Minutes Offensive
Center Left Wing Right Wing Defense Defense
Seth Griffith David Pope Sebastian Collberg Mikhail Sergachev Vince Dunn
Last Minutes Defensive
Center Left Wing Right Wing Defense Defense
Seth Griffith David Pope Sebastian Collberg Mikhail Sergachev Vince Dunn
Goaltenders
Starting : Mike Condon
Backup : Harru Sateri
Extra Forwards
Normal : Joel Kiviranta, Alexander Volkov, Dryden Hunt - PP : Joel Kiviranta, Alexander Volkov - PK : Dryden Hunt
Extra Defensemen
Normal : Andrew Peeke, Will Borgen, Jacob Middleton - PP : Andrew Peeke - PK : Will Borgen, Jacob Middleton
Penalty Shots
Seth Griffith, David Pope, Samuel Blais, Sebastian Collberg, Connor Chatam
Scratches
Ryan Poehling (Healthy), Mason Shaw (Healthy), Dylan Samberg (Healthy), Mikhail Vorobyev (Healthy), Alex Barre-Boulet (Separated Right Shoulder Injury)
Dante Fabbro (Healthy), Jeffrey Viel (Healthy), Yegor Korshkov (Healthy), Jake Paterson (Healthy), Ivan Fedotov (Healthy)
Moose
5 vs 5 Forward
Center Left Wing Right Wing Time % Phy DF OF
1 Dylan Strome Kyle Connor Tomas Jurco 40 1 2 2
2 Michael McLeod Nathan Walker Mathieu Joseph 30 1 2 2
3 Chase De Leo Nikolay Goldobin Julien Gauthier 15 1 2 2
4 Jake Leschyshyn Boris Katchouk Vinni Lettieri 15 1 2 2
5 vs 5 Defense
Defense Defense Time % Phy DF OF
1 Mirco Mueller Ludwig Bystrom 40 1 2 2
2 Roman Josi Erik Cernak 30 1 2 2
3 Matthew Benning Juuso Valimaki 20 1 2 2
4 Mirco Mueller Ludwig Bystrom 10 1 2 2
PowerPlay Forward
Center Left Wing Right Wing Time % Phy DF OF
1 Dylan Strome Kyle Connor Tomas Jurco 60 1 2 2
2 Michael McLeod Nathan Walker Mathieu Joseph 40 1 2 2
PowerPlay Defense
Defense Defense Time % Phy DF OF
1 Mirco Mueller Ludwig Bystrom 60 1 2 2
2 Roman Josi Erik Cernak 40 1 2 2
Penalty Kill 4 Players Forward
Center Wing Time % Phy DF OF
1 Nikolay Goldobin Mathieu Joseph 60 1 2 2
2 Michael McLeod Tomas Jurco 40 1 2 2
Penalty Kill 4 Players Defense
Defense Defense Time % Phy DF OF
1 Mirco Mueller Ludwig Bystrom 60 1 2 2
2 Roman Josi Erik Cernak 40 1 2 2
Penalty Kill - 3 Players Forward
Forward Time % Phy DF OF
1 Nikolay Goldobin 60 1 2 2
2 Mathieu Joseph 40 1 2 2
Penalty Kill - 3 Players Defense
Defense Defense Time % Phy DF OF
1 Mirco Mueller Ludwig Bystrom 60 1 2 2
2 Roman Josi Erik Cernak 40 1 2 2
4 vs 4 Forward
Center Wing Time % Phy DF OF
1 Nikolay Goldobin Mathieu Joseph 60 1 2 2
2 Dylan Strome Nathan Walker 40 1 2 2
4 vs 4 Defense
Defense Defense Time % Phy DF OF
1 Mirco Mueller Ludwig Bystrom 60 1 2 2
2 Roman Josi Erik Cernak 40 1 2 2
Last Minutes Offensive
Center Left Wing Right Wing Defense Defense
Dylan Strome Nathan Walker Mathieu Joseph Mirco Mueller Ludwig Bystrom
Last Minutes Defensive
Center Left Wing Right Wing Defense Defense
Dylan Strome Nikolay Goldobin Mathieu Joseph Mirco Mueller Ludwig Bystrom
Goaltenders
Starting : Filip Gustavsson
Backup : Brandon Halverson
Extra Forwards
Normal : Dylan Strome, Kyle Connor, Julien Gauthier - PP : Nikolay Goldobin, Julien Gauthier - PK : Julien Gauthier
Extra Defensemen
Normal : Matthew Benning, Juuso Valimaki, Roman Josi - PP : Matthew Benning - PK : Juuso Valimaki, Roman Josi
Penalty Shots
Nikolay Goldobin, Mathieu Joseph, Dylan Strome, Nathan Walker, Chase De Leo
Scratches
Anders Bjork (Healthy), Lane MacDermid (Healthy), Urho Vaakanainen (Healthy), Mitchell Stephens (Healthy), Nelson Nogier (Healthy)
Nick Merkley (Healthy), Jonathan Kovacevic (Healthy), Josh Mahura (Healthy), Max Jones (Healthy), Nathan Bastian (Healthy)
William Bitten (Healthy), Kieffer Bellows (Healthy), Tim Gettinger (Healthy), Joey Daccord (Healthy), Karel Vejmelka (Healthy)
Daniel Vladar (Healthy)
% Time on Ice - Wolfpack
Lines # - Real PCT - Wanted PCT - Time Play
Normal Forward
1 - 34% - 40% - 14:43
2 - 27% - 30% - 11:53
3 - 24% - 20% - 10:23
4 - 15% - 10% - 6:17
Normal Defense
1 - 44% - 40% - 18:51
2 - 31% - 30% - 13:14
3 - 19% - 20% - 8:23
4 - 6% - 10% - 2:48
PP Forward
1 - 47% - 60% - 1:51
2 - 53% - 40% - 2:07
PP Defense
1 - 62% - 60% - 2:27
2 - 38% - 40% - 1:31
PK Forward
1 - 69% - 60% - 8:11
2 - 31% - 40% - 3:43
PK Defense
1 - 57% - 60% - 6:45
2 - 43% - 40% - 5:09
PK3 Forward
1 - 0% - 60%
2 - 0% - 40%
PK3 Defense
1 - 0% - 60%
2 - 0% - 40%
44 Forward
1 - 0% - 60%
2 - 0% - 40%
44 Defense
1 - 0% - 60%
2 - 0% - 40%
Last Minute Offensive - 0:52
Last Minute Defensive - 0:00
Total
Forward - 60:00
Defense - 60:00
|
% Time on Ice - Moose
Lines # - Real PCT - Wanted PCT - Time Play
Normal Forward
1 - 36% - 40% - 15:25
2 - 25% - 30% - 10:45
3 - 20% - 15% - 8:33
4 - 20% - 15% - 8:37
Normal Defense
1 - 42% - 40% - 18:07
2 - 31% - 30% - 13:25
3 - 26% - 20% - 11:16
4 - 1% - 10% - 0:32
PP Forward
1 - 57% - 60% - 6:47
2 - 43% - 40% - 5:07
PP Defense
1 - 60% - 60% - 7:07
2 - 40% - 40% - 4:47
PK Forward
1 - 68% - 60% - 2:43
2 - 32% - 40% - 1:15
PK Defense
1 - 58% - 60% - 2:19
2 - 42% - 40% - 1:39
PK3 Forward
1 - 0% - 60%
2 - 0% - 40%
PK3 Defense
1 - 0% - 60%
2 - 0% - 40%
44 Forward
1 - 0% - 60%
2 - 0% - 40%
44 Defense
1 - 0% - 60%
2 - 0% - 40%
Last Minute Offensive - 0:00
Last Minute Defensive - 0:48
Total
Forward - 60:00
Defense - 60:00
|
Play-by-Play
1st period
0:01 of 1st period - David Pope wins face-off versus Dylan Strome in neutral zone.
0:47 of 1st period - Erik Cernak is hit by Mikhail Sergachev and loses puck.
0:54 of 1st period - Mikhail Sergachev is hit by Roman Josi and loses puck.
1:21 of 1st period - Snap shot by Dryden Hunt.
1:21 of 1st period - Shot Misses the Net.
1:45 of 1st period - Wrist shot by David Pope.
1:45 of 1st period - Shot Misses the Net.
1:47 of 1st period - Slapshot by Vince Dunn.
1:47 of 1st period - Stopped by Filip Gustavsson without a rebound.
1:48 of 1st period - Seth Griffith wins face-off versus Nathan Walker in Moose zone.
1:55 of 1st period - Wrist shot by Sebastian Collberg.
1:55 of 1st period - Deflect By David Pope.
1:55 of 1st period - Shot Blocked by Mirco Mueller.
1:55 of 1st period - Puck is out of play.
1:56 of 1st period - Michael McLeod wins face-off versus Casey Mittelstadt in Moose zone.
2:10 of 1st period - Icing by Michael McLeod.
2:11 of 1st period - Michael McLeod wins face-off versus Jake Marchment in Moose zone.
2:11 of 1st period - Michael McLeod is hit by Ryan Culkin.
2:19 of 1st period - Snap shot by Nathan Walker.
2:19 of 1st period - Stopped by Mike Condon without a rebound.
2:20 of 1st period - Jake Marchment wins face-off versus Kyle Connor in Wolfpack zone.
2:27 of 1st period - Colton White is hit by Mirco Mueller and loses puck.
2:34 of 1st period - Slapshot by Ryan Culkin.
2:34 of 1st period - Stopped by Filip Gustavsson without a rebound.
2:35 of 1st period - Seth Griffith wins face-off versus Boris Katchouk in Moose zone.
2:39 of 1st period - Minor Penalty to Jake Leschyshyn for Hooking.
2:40 of 1st period - Nikolay Goldobin wins face-off versus Seth Griffith in Moose zone.
3:07 of 1st period - Tomas Jurco is hit by Vince Dunn and loses puck.
4:26 of 1st period - Vince Dunn is hit by Erik Cernak and loses puck.
4:37 of 1st period - Mirco Mueller is hit by Samuel Blais and loses puck.
4:39 of 1st period - Penalty to Jake Leschyshyn is over, Jake Leschyshyn is back on ice.
4:42 of 1st period - Snap shot by Samuel Blais.
4:42 of 1st period - Deflect By Connor Chatam.
4:42 of 1st period - Shot Misses the Net.
4:42 of 1st period - Puck is out of play.
4:43 of 1st period - Jake Leschyshyn wins face-off versus Jake Marchment in Moose zone.
5:06 of 1st period - Boris Katchouk is hit by Ryan Culkin and loses puck.
5:13 of 1st period - Slapshot by Owen Tippet.
5:13 of 1st period - Stopped by Filip Gustavsson without a rebound.
5:14 of 1st period - Dylan Strome wins face-off versus Seth Griffith in Moose zone.
5:23 of 1st period - Snap shot by Tomas Jurco.
5:23 of 1st period - Stopped by Mike Condon with a rebound.
5:27 of 1st period - Snap shot by Kyle Connor.
5:27 of 1st period - Stopped by Mike Condon with a rebound.
5:29 of 1st period - Snap shot by Erik Cernak.
5:29 of 1st period - Shot Blocked by Steven Santini.
6:32 of 1st period - Snap shot by Tomas Jurco.
6:32 of 1st period - Stopped by Mike Condon with a rebound.
6:44 of 1st period - Snap shot by Boris Katchouk.
6:44 of 1st period - Stopped by Mike Condon without a rebound.
6:45 of 1st period - Jake Leschyshyn wins face-off versus Seth Griffith in Wolfpack zone.
7:16 of 1st period - Wrist shot by Dylan Strome.
7:16 of 1st period - Shot Blocked by Vince Dunn.
7:18 of 1st period - Snap shot by Erik Cernak.
7:18 of 1st period - Deflect By Kyle Connor.
7:18 of 1st period - Shot Misses the Net.
7:18 of 1st period - Puck is out of play.
7:19 of 1st period - Dylan Strome wins face-off versus Seth Griffith in Wolfpack zone.
9:52 of 1st period - Wrist shot by Seth Griffith.
9:52 of 1st period - Shot Blocked by Ludwig Bystrom.
9:54 of 1st period - Slapshot by David Pope.
9:54 of 1st period - Stopped by Filip Gustavsson without a rebound.
9:55 of 1st period - Michael McLeod wins face-off versus Casey Mittelstadt in Moose zone.
10:51 of 1st period - Julien Gauthier is hit by Linus Sandin and loses puck.
11:12 of 1st period - Slapshot by Roman Josi.
11:12 of 1st period - Deflect By Boris Katchouk.
11:12 of 1st period - Shot Blocked by Colton White.
11:12 of 1st period - Puck is out of play.
11:13 of 1st period - Dylan Strome wins face-off versus Seth Griffith in Wolfpack zone.
11:26 of 1st period - Tomas Jurco is hit by Seth Griffith and loses puck.
13:03 of 1st period - Matthew Benning is hit by Joshua Jacobs and loses puck.
13:16 of 1st period - Backhand shot by Connor Chatam.
13:16 of 1st period - Stopped by Filip Gustavsson without a rebound.
13:17 of 1st period - Nolan Patrick wins face-off versus Dylan Strome in Moose zone.
14:28 of 1st period - Slapshot by Nikolay Goldobin.
14:28 of 1st period - Stopped by Mike Condon without a rebound.
14:29 of 1st period - Chase De Leo wins face-off versus Jake Marchment in Wolfpack zone.
15:04 of 1st period - Wrist shot by Seth Griffith.
15:04 of 1st period - Shot Misses the Net.
15:54 of 1st period - Boris Katchouk is hit by Nolan Patrick and loses puck.
16:13 of 1st period - Wrist shot by Boris Katchouk.
16:13 of 1st period - Shot Misses the Net.
16:15 of 1st period - Slapshot by Roman Josi.
16:15 of 1st period - Stopped by Mike Condon with a rebound.
16:17 of 1st period - Snap shot by Roman Josi.
16:17 of 1st period - Shot Blocked by Steven Santini.
16:21 of 1st period - Slapshot by Boris Katchouk.
16:21 of 1st period - Deflect By Jake Leschyshyn.
16:21 of 1st period - Stopped by Mike Condon without a rebound.
16:22 of 1st period - Dylan Strome wins face-off versus Casey Mittelstadt in Wolfpack zone.
16:30 of 1st period - Minor Penalty to Connor Chatam for Holding.
16:31 of 1st period - Seth Griffith wins face-off versus Dylan Strome in Wolfpack zone.
16:35 of 1st period - Snap shot by Dylan Strome.
16:35 of 1st period - Shot Misses the Net.
16:37 of 1st period - Snap shot by Dylan Strome.
16:37 of 1st period - Shot Blocked by Vince Dunn.
16:39 of 1st period - Slapshot by Ludwig Bystrom.
16:39 of 1st period - Deflect By Dylan Strome.
16:39 of 1st period - Shot Misses the Net.
16:39 of 1st period - Puck is out of play.
16:40 of 1st period - Dylan Strome wins face-off versus Seth Griffith in Wolfpack zone.
17:30 of 1st period - Icing by Ludwig Bystrom.
17:31 of 1st period - Dylan Strome wins face-off versus Samuel Blais in Moose zone.
17:44 of 1st period - Wrist shot by Sebastian Collberg.
17:44 of 1st period - Stopped by Filip Gustavsson with a rebound.
18:30 of 1st period - Penalty to Connor Chatam is over, Connor Chatam is back on ice.
18:58 of 1st period - Snap shot by Samuel Blais.
18:58 of 1st period - Stopped by Filip Gustavsson with a rebound.
19:43 of 1st period - Icing by Mikhail Sergachev.
19:44 of 1st period - Jake Marchment wins face-off versus Chase De Leo in Wolfpack zone.
19:51 of 1st period - Snap shot by Vince Dunn.
19:51 of 1st period - Deflect By Mirco Mueller.
19:51 of 1st period - Stopped by Filip Gustavsson with a rebound.
19:58 of 1st period - Off-side.
19:59 of 1st period - Jake Marchment wins face-off versus Dylan Strome in neutral zone.
Goals for this period are 0 for Wolfpack vs 0 for Moose.
Shots for this period are 8 for Wolfpack vs 8 for Moose.
2nd period
0:01 of 2nd period - Dylan Strome wins face-off versus Seth Griffith in neutral zone.
0:06 of 2nd period - Sebastian Collberg is hit by Tomas Jurco and loses puck.
0:46 of 2nd period - Minor Penalty to Ryan Culkin for Hooking.
0:47 of 2nd period - Dylan Strome wins face-off versus Seth Griffith in Wolfpack zone.
1:24 of 2nd period - Wrist shot by Roman Josi.
1:24 of 2nd period - Stopped by Mike Condon with a rebound.
1:26 of 2nd period - Slapshot by Roman Josi.
1:26 of 2nd period - Stopped by Mike Condon without a rebound.
1:27 of 2nd period - Seth Griffith wins face-off versus Kyle Connor in Wolfpack zone.
1:36 of 2nd period - Slapshot by Mirco Mueller.
1:36 of 2nd period - Shot Misses the Net.
1:38 of 2nd period - Wrist shot by Tomas Jurco.
1:38 of 2nd period - Shot Misses the Net.
1:40 of 2nd period - Wrist shot by Dylan Strome.
1:40 of 2nd period - Stopped by Mike Condon without a rebound.
1:41 of 2nd period - Dylan Strome wins face-off versus Seth Griffith in Wolfpack zone.
2:12 of 2nd period - Snap shot by Nathan Walker.
2:12 of 2nd period - Shot Misses the Net.
2:46 of 2nd period - Penalty to Ryan Culkin is over, Ryan Culkin is back on ice.
2:51 of 2nd period - Off-side.
2:52 of 2nd period - Nolan Patrick wins face-off versus Chase De Leo in neutral zone.
2:55 of 2nd period - Snap shot by Dryden Hunt.
2:55 of 2nd period - Shot Misses the Net.
2:57 of 2nd period - Slapshot by Colton White.
2:57 of 2nd period - Deflect By Nolan Patrick.
2:57 of 2nd period - Shot Misses the Net.
2:57 of 2nd period - Puck is out of play.
2:58 of 2nd period - Samuel Blais wins face-off versus Dylan Strome in Moose zone.
2:59 of 2nd period - Wrist shot by Connor Chatam.
2:59 of 2nd period - Shot Misses the Net.
3:01 of 2nd period - Minor Penalty to Tomas Jurco for Diving.
3:02 of 2nd period - Seth Griffith wins face-off versus Nikolay Goldobin in Moose zone.
5:01 of 2nd period - Penalty to Tomas Jurco is over, Tomas Jurco is back on ice.
5:13 of 2nd period - Snap shot by Alexander Barabanov.
5:13 of 2nd period - Deflect By Owen Tippet.
5:13 of 2nd period - Shot Misses the Net.
5:13 of 2nd period - Puck is out of play.
5:14 of 2nd period - Jake Marchment wins face-off versus Jake Leschyshyn in Moose zone.
5:19 of 2nd period - Slapshot by Ryan Culkin.
5:19 of 2nd period - Shot Misses the Net.
5:21 of 2nd period - Snap shot by Owen Tippet.
5:21 of 2nd period - Shot Blocked by Juuso Valimaki.
5:23 of 2nd period - Snap shot by Jake Marchment.
5:23 of 2nd period - Stopped by Filip Gustavsson with a rebound.
5:25 of 2nd period - Wrist shot by Owen Tippet.
5:25 of 2nd period - Stopped by Filip Gustavsson with a rebound.
5:27 of 2nd period - Slapshot by Colton White.
5:27 of 2nd period - Stopped by Filip Gustavsson with a rebound.
5:29 of 2nd period - Slapshot by Ryan Culkin.
5:29 of 2nd period - Deflect By Jake Leschyshyn.
5:29 of 2nd period - Stopped by Filip Gustavsson without a rebound.
5:30 of 2nd period - Michael McLeod wins face-off versus Seth Griffith in Moose zone.
5:41 of 2nd period - Derrick Pouliot is hit by Mathieu Joseph and loses puck.
7:08 of 2nd period - Backhand shot by Michael McLeod.
7:08 of 2nd period - Shot Misses the Net.
7:10 of 2nd period - Slapshot by Michael McLeod.
7:10 of 2nd period - Goal by Michael McLeod - Wolfpack : 0 - Moose : 1.
7:11 of 2nd period - Seth Griffith wins face-off versus Dylan Strome in neutral zone.
7:19 of 2nd period - Tomas Jurco is hit by Vince Dunn and loses puck.
7:24 of 2nd period - Backhand shot by Seth Griffith.
7:24 of 2nd period - Stopped by Filip Gustavsson with a rebound.
7:26 of 2nd period - Slapshot by Mikhail Sergachev.
7:26 of 2nd period - Stopped by Filip Gustavsson with a rebound.
7:49 of 2nd period - Icing by Samuel Blais.
7:50 of 2nd period - Casey Mittelstadt wins face-off versus Dylan Strome in Wolfpack zone.
7:58 of 2nd period - Off-side.
7:59 of 2nd period - Seth Griffith wins face-off versus Dylan Strome in neutral zone.
8:04 of 2nd period - Snap shot by Seth Griffith.
8:04 of 2nd period - Shot Misses the Net.
8:06 of 2nd period - Slapshot by David Pope.
8:06 of 2nd period - Stopped by Filip Gustavsson with a rebound.
8:52 of 2nd period - Slapshot by Erik Cernak.
8:52 of 2nd period - Deflect By Nikolay Goldobin.
8:52 of 2nd period - Shot Misses the Net.
8:52 of 2nd period - Puck is out of play.
8:53 of 2nd period - Seth Griffith wins face-off versus Dylan Strome in Wolfpack zone.
8:55 of 2nd period - Minor Penalty to David Pope for Holding.
8:56 of 2nd period - Dylan Strome wins face-off versus Seth Griffith in Wolfpack zone.
9:10 of 2nd period - Wrist shot by Tomas Jurco.
9:10 of 2nd period - Stopped by Mike Condon without a rebound.
9:11 of 2nd period - Seth Griffith wins face-off versus Dylan Strome in Wolfpack zone.
9:44 of 2nd period - Vince Dunn is hit by Mathieu Joseph and loses puck.
10:42 of 2nd period - Vince Dunn is hit by Kyle Connor and loses puck.
10:55 of 2nd period - Penalty to David Pope is over, David Pope is back on ice.
11:09 of 2nd period - Slapshot by Vince Dunn.
11:09 of 2nd period - Shot Blocked by Chase De Leo.
11:31 of 2nd period - Wrist shot by Jake Leschyshyn.
11:31 of 2nd period - Shot Misses the Net.
12:37 of 2nd period - Seth Griffith is hit by Julien Gauthier and loses puck.
13:11 of 2nd period - Slapshot by Alexander Barabanov.
13:11 of 2nd period - Shot Misses the Net.
13:13 of 2nd period - Slapshot by Ryan Culkin.
13:13 of 2nd period - Deflect By Kyle Connor.
13:13 of 2nd period - Stopped by Filip Gustavsson without a rebound.
13:14 of 2nd period - Nikolay Goldobin wins face-off versus Casey Mittelstadt in Moose zone.
13:14 of 2nd period - Nikolay Goldobin is hit by Connor Chatam.
13:22 of 2nd period - Wrist shot by Nikolay Goldobin.
13:22 of 2nd period - Stopped by Mike Condon without a rebound.
13:23 of 2nd period - Chase De Leo wins face-off versus Samuel Blais in Wolfpack zone.
13:43 of 2nd period - Snap shot by Nikolay Goldobin.
13:43 of 2nd period - Goal by Nikolay Goldobin - Wolfpack : 0 - Moose : 2.
13:44 of 2nd period - Dylan Strome wins face-off versus Seth Griffith in neutral zone.
13:53 of 2nd period - Snap shot by Tomas Jurco.
13:53 of 2nd period - Stopped by Mike Condon without a rebound.
13:54 of 2nd period - Sebastian Collberg wins face-off versus Dylan Strome in Wolfpack zone.
14:11 of 2nd period - Slapshot by Tomas Jurco.
14:11 of 2nd period - Shot Misses the Net.
14:14 of 2nd period - Icing by Seth Griffith.
14:15 of 2nd period - Michael McLeod wins face-off versus Seth Griffith in Wolfpack zone.
14:38 of 2nd period - Seth Griffith is hit by Nathan Walker and loses puck.
14:45 of 2nd period - Snap shot by Nathan Walker.
14:45 of 2nd period - Shot Misses the Net.
14:47 of 2nd period - Slapshot by Roman Josi.
14:47 of 2nd period - Stopped by Mike Condon without a rebound.
14:48 of 2nd period - Dylan Strome wins face-off versus Casey Mittelstadt in Wolfpack zone.
16:16 of 2nd period - Snap shot by Tomas Jurco.
16:16 of 2nd period - Stopped by Mike Condon without a rebound.
16:17 of 2nd period - David Pope wins face-off versus Dylan Strome in Wolfpack zone.
16:17 of 2nd period - David Pope is hit by Dylan Strome.
16:29 of 2nd period - Off-side.
16:30 of 2nd period - Seth Griffith wins face-off versus Dylan Strome in neutral zone.
16:55 of 2nd period - Casey Mittelstadt is hit by Mathieu Joseph and loses puck.
17:22 of 2nd period - Slapshot by Ludwig Bystrom.
17:22 of 2nd period - Shot Blocked by Dryden Hunt.
17:24 of 2nd period - Wrist shot by Chase De Leo.
17:24 of 2nd period - Shot Misses the Net.
17:26 of 2nd period - Slapshot by Ludwig Bystrom.
17:26 of 2nd period - Stopped by Mike Condon with a rebound.
17:28 of 2nd period - Slapshot by Ludwig Bystrom.
17:28 of 2nd period - Stopped by Mike Condon with a rebound.
17:46 of 2nd period - Wrist shot by David Pope.
17:46 of 2nd period - Deflect By Sebastian Collberg.
17:46 of 2nd period - Shot Misses the Net.
17:46 of 2nd period - Puck is out of play.
17:47 of 2nd period - Dylan Strome wins face-off versus Seth Griffith in Moose zone.
17:59 of 2nd period - Snap shot by David Pope.
17:59 of 2nd period - Shot Blocked by Tomas Jurco.
18:41 of 2nd period - Wrist shot by Boris Katchouk.
18:41 of 2nd period - Shot Misses the Net.
18:43 of 2nd period - Slapshot by Juuso Valimaki.
18:43 of 2nd period - Stopped by Mike Condon with a rebound.
19:39 of 2nd period - Wrist shot by Tomas Jurco.
19:39 of 2nd period - Shot Misses the Net.
19:43 of 2nd period - Snap shot by Kyle Connor.
19:43 of 2nd period - Stopped by Mike Condon with a rebound.
19:59 of 2nd period - Wrist shot by Michael McLeod.
19:59 of 2nd period - Shot Misses the Net.
Goals for this period are 0 for Wolfpack vs 2 for Moose.
Shots for this period are 8 for Wolfpack vs 14 for Moose.
3rd period
0:01 of 3rd period - Dylan Strome wins face-off versus Seth Griffith in neutral zone.
0:12 of 3rd period - Wrist shot by Dylan Strome.
0:12 of 3rd period - Deflect By Tomas Jurco.
0:12 of 3rd period - Shot Misses the Net.
0:12 of 3rd period - Puck is out of play.
0:13 of 3rd period - Seth Griffith wins face-off versus Dylan Strome in Wolfpack zone.
1:11 of 3rd period - Snap shot by Nolan Patrick.
1:11 of 3rd period - Shot Misses the Net.
1:23 of 3rd period - Snap shot by Alexander Barabanov.
1:23 of 3rd period - Shot Blocked by Kyle Connor.
1:25 of 3rd period - Snap shot by Cale Fleury.
1:25 of 3rd period - Shot Misses the Net.
1:27 of 3rd period - Slapshot by Cale Fleury.
1:27 of 3rd period - Shot Blocked by Dylan Strome.
1:29 of 3rd period - Snap shot by Jake Marchment.
1:29 of 3rd period - Goal by Jake Marchment - Wolfpack : 1 - Moose : 2.
1:30 of 3rd period - Kyle Connor wins face-off versus Seth Griffith in neutral zone.
2:33 of 3rd period - Slapshot by David Pope.
2:33 of 3rd period - Shot Misses the Net.
3:01 of 3rd period - Snap shot by Nathan Walker.
3:01 of 3rd period - Stopped by Mike Condon without a rebound.
3:02 of 3rd period - Tomas Jurco wins face-off versus Casey Mittelstadt in Wolfpack zone.
5:20 of 3rd period - Snap shot by Steven Santini.
5:20 of 3rd period - Shot Misses the Net.
5:22 of 3rd period - Wrist shot by Dryden Hunt.
5:22 of 3rd period - Shot Blocked by Juuso Valimaki.
5:28 of 3rd period - Snap shot by Dryden Hunt.
5:28 of 3rd period - Deflect By Nikolay Goldobin.
5:28 of 3rd period - Stopped by Filip Gustavsson with a rebound.
5:30 of 3rd period - Wrist shot by Derrick Pouliot.
5:30 of 3rd period - Stopped by Filip Gustavsson without a rebound.
5:31 of 3rd period - Casey Mittelstadt wins face-off versus Dylan Strome in Moose zone.
6:03 of 3rd period - Snap shot by Seth Griffith.
6:03 of 3rd period - Shot Misses the Net.
6:17 of 3rd period - Slapshot by Steven Santini.
6:17 of 3rd period - Stopped by Filip Gustavsson without a rebound.
6:18 of 3rd period - Jake Leschyshyn wins face-off versus Jake Marchment in Moose zone.
6:27 of 3rd period - Wrist shot by Vinni Lettieri.
6:27 of 3rd period - Shot Misses the Net.
6:29 of 3rd period - Snap shot by Vinni Lettieri.
6:29 of 3rd period - Stopped by Mike Condon without a rebound.
6:30 of 3rd period - Seth Griffith wins face-off versus Dylan Strome in Wolfpack zone.
6:34 of 3rd period - Icing by Seth Griffith.
6:35 of 3rd period - Dylan Strome wins face-off versus Seth Griffith in Wolfpack zone.
6:38 of 3rd period - Wrist shot by Dylan Strome.
6:38 of 3rd period - Shot Blocked by David Pope.
6:51 of 3rd period - Icing by Erik Cernak.
6:52 of 3rd period - Dylan Strome wins face-off versus Casey Mittelstadt in Moose zone.
7:03 of 3rd period - Slapshot by Kyle Connor.
7:03 of 3rd period - Stopped by Mike Condon with a rebound.
7:43 of 3rd period - Minor Penalty to Steven Santini for Elbowing.
7:44 of 3rd period - Seth Griffith wins face-off versus Michael McLeod in Wolfpack zone.
8:31 of 3rd period - Derrick Pouliot is hit by Tomas Jurco and loses puck.
9:38 of 3rd period - Jacob Middleton is hit by Julien Gauthier and loses puck.
9:43 of 3rd period - Penalty to Steven Santini is over, Steven Santini is back on ice.
9:55 of 3rd period - Slapshot by Alexander Barabanov.
9:55 of 3rd period - Stopped by Filip Gustavsson with a rebound.
9:57 of 3rd period - Slapshot by Jake Marchment.
9:57 of 3rd period - Stopped by Filip Gustavsson without a rebound.
9:58 of 3rd period - Nolan Patrick wins face-off versus Jake Leschyshyn in Moose zone.
9:59 of 3rd period - Slapshot by Mikhail Sergachev.
9:59 of 3rd period - Stopped by Filip Gustavsson with a rebound.
10:02 of 3rd period - Icing by Vinni Lettieri.
10:03 of 3rd period - Nolan Patrick wins face-off versus Jake Leschyshyn in Moose zone.
10:18 of 3rd period - Snap shot by Boris Katchouk.
10:18 of 3rd period - Stopped by Mike Condon with a rebound.
10:24 of 3rd period - Minor Penalty to Linus Sandin for Holding.
10:25 of 3rd period - Kyle Connor wins face-off versus Seth Griffith in Wolfpack zone.
10:58 of 3rd period - Wrist shot by Michael McLeod.
10:58 of 3rd period - Shot Misses the Net.
12:15 of 3rd period - Samuel Blais is hit by Kyle Connor and loses puck.
12:24 of 3rd period - Penalty to Linus Sandin is over, Linus Sandin is back on ice.
12:26 of 3rd period - Slapshot by Nikolay Goldobin.
12:26 of 3rd period - Shot Misses the Net.
12:38 of 3rd period - Slapshot by Boris Katchouk.
12:38 of 3rd period - Shot Misses the Net.
12:40 of 3rd period - Slapshot by Matthew Benning.
12:40 of 3rd period - Stopped by Mike Condon without a rebound.
12:41 of 3rd period - Jake Marchment wins face-off versus Vinni Lettieri in Wolfpack zone.
12:41 of 3rd period - Jake Marchment is hit by Erik Cernak.
12:44 of 3rd period - Icing by Alexander Barabanov.
12:45 of 3rd period - Chase De Leo wins face-off versus Owen Tippet in Wolfpack zone.
12:46 of 3rd period - Slapshot by Nikolay Goldobin.
12:46 of 3rd period - Stopped by Mike Condon with a rebound.
13:51 of 3rd period - Wrist shot by Connor Chatam.
13:51 of 3rd period - Goal by Connor Chatam - Wolfpack : 2 - Moose : 2.
13:52 of 3rd period - Dylan Strome wins face-off versus Seth Griffith in neutral zone.
14:01 of 3rd period - Snap shot by David Pope.
14:01 of 3rd period - Deflect By Sebastian Collberg.
14:01 of 3rd period - Shot Blocked by Dylan Strome.
14:01 of 3rd period - Puck is out of play.
14:02 of 3rd period - Dylan Strome wins face-off versus Seth Griffith in Moose zone.
14:13 of 3rd period - David Pope is hit by Dylan Strome and loses puck.
14:26 of 3rd period - Tomas Jurco is hit by Seth Griffith and loses puck.
14:31 of 3rd period - Wrist shot by Sebastian Collberg.
14:31 of 3rd period - Stopped by Filip Gustavsson without a rebound.
14:32 of 3rd period - Casey Mittelstadt wins face-off versus Michael McLeod in Moose zone.
14:40 of 3rd period - Wrist shot by Samuel Blais.
14:40 of 3rd period - Shot Misses the Net.
14:44 of 3rd period - Snap shot by Samuel Blais.
14:44 of 3rd period - Shot Misses the Net.
14:46 of 3rd period - Wrist shot by Casey Mittelstadt.
14:46 of 3rd period - Stopped by Filip Gustavsson without a rebound.
14:47 of 3rd period - Dylan Strome wins face-off versus Seth Griffith in Moose zone.
14:58 of 3rd period - Snap shot by Tomas Jurco.
14:58 of 3rd period - Shot Blocked by Steven Santini.
15:00 of 3rd period - Wrist shot by Ludwig Bystrom.
15:00 of 3rd period - Stopped by Mike Condon with a rebound.
15:02 of 3rd period - Snap shot by Dylan Strome.
15:02 of 3rd period - Goal by Dylan Strome - Wolfpack : 2 - Moose : 3.
15:03 of 3rd period - Dylan Strome wins face-off versus Seth Griffith in neutral zone.
15:51 of 3rd period - Slapshot by Mikhail Sergachev.
15:51 of 3rd period - Stopped by Filip Gustavsson with a rebound.
15:53 of 3rd period - Wrist shot by Connor Chatam.
15:53 of 3rd period - Stopped by Filip Gustavsson without a rebound.
15:54 of 3rd period - Dylan Strome wins face-off versus Casey Mittelstadt in Moose zone.
16:04 of 3rd period - Off-side.
16:05 of 3rd period - Nolan Patrick wins face-off versus Dylan Strome in neutral zone.
16:18 of 3rd period - Wrist shot by Dylan Strome.
16:18 of 3rd period - Shot Misses the Net.
16:20 of 3rd period - Snap shot by Kyle Connor.
16:20 of 3rd period - Shot Misses the Net.
16:53 of 3rd period - Snap shot by Michael McLeod.
16:53 of 3rd period - Shot Misses the Net.
16:55 of 3rd period - Minor Penalty to Samuel Blais for Slashing.
16:56 of 3rd period - Dylan Strome wins face-off versus Seth Griffith in Wolfpack zone.
16:59 of 3rd period - Slapshot by Dylan Strome.
16:59 of 3rd period - Stopped by Mike Condon with a rebound.
17:01 of 3rd period - Wrist shot by Dylan Strome.
17:01 of 3rd period - Shot Blocked by Vince Dunn.
18:55 of 3rd period - Penalty to Samuel Blais is over, Samuel Blais is back on ice.
19:06 of 3rd period - Wolfpack, Mike Condon is pulled from the net.
19:16 of 3rd period - Slapshot by Julien Gauthier.
19:16 of 3rd period - Deflect By Nikolay Goldobin.
19:16 of 3rd period - Shot Blocked by Andrew Peeke.
19:16 of 3rd period - Puck is out of play.
19:17 of 3rd period - Jack Capuano call a timeout for Wolfpack.
19:17 of 3rd period - Mike Condon from Wolfpack was sent back in the game.
19:17 of 3rd period - Joel Kiviranta wins face-off versus Julien Gauthier in Wolfpack zone.
19:24 of 3rd period - Wolfpack, Mike Condon is pulled from the net.
19:24 of 3rd period - Snap shot by Vince Dunn.
19:24 of 3rd period - Stopped by Filip Gustavsson without a rebound.
19:25 of 3rd period - Joel Kiviranta wins face-off versus Julien Gauthier in Moose zone.
19:29 of 3rd period - Icing by Nikolay Goldobin.
19:30 of 3rd period - Julien Gauthier wins face-off versus Alexander Volkov in Moose zone.
19:45 of 3rd period - Wrist shot by Nikolay Goldobin.
19:45 of 3rd period - Shot Misses the Net.
19:47 of 3rd period - Snap shot by Nikolay Goldobin.
19:47 of 3rd period - Goal by Nikolay Goldobin - Wolfpack : 2 - Moose : 4.
19:47 of 3rd period - Mike Condon from Wolfpack was sent back in the game.
19:48 of 3rd period - Jake Leschyshyn wins face-off versus Linus Sandin in neutral zone.
Goals for this period are 2 for Wolfpack vs 2 for Moose.
Shots for this period are 13 for Wolfpack vs 10 for Moose.